Map: Coda EC

Players

AgCl

  • Race: Protoss Protoss
  • League: Grandmaster

SaltDealer - Winner!

  • Race: Terran Terran
  • League: Grandmaster

VOD

Have the link to the VOD?

Description

Time

  • Played on: July 2, 2015, 4:29 p.m.
  • Length: 9:31
Show
View Real Time Build Order
Export as new Build Order

AgCl Protoss 

Build Orders: Oracle Opening 

Get SALT Encoding   

  12  0:02  Probe  
  13  0:14  Probe  
  14  0:29  Pylon  
  14  0:42  Assimilator  
  14  0:48  Gateway  
  14  0:50  Probe (Chrono Boost)  
  15  1:02  Probe (Chrono Boost)  
  17  1:11  Probe (Chrono Boost)  
  17  1:17  Pylon  
  17  1:19  Probe (Chrono Boost)  
  18  1:30  Assimilator  
  18  1:31  Probe (Chrono Boost)  
  19  1:35  Zealot  
  19  1:37  Probe (Chrono Boost)  
  19  1:39  Cybernetics Core  
  22  1:49  Probe (Chrono Boost)  
  23  1:56  Probe (Chrono Boost)  
  23  1:59  Pylon  
  24  2:07  Probe (Chrono Boost)  
  24  2:17  Stargate  
  24  2:18  Probe (Chrono Boost)  
  24  2:21  Warp Gate  
  25  2:24  Probe (Chrono Boost)  
  26  2:37  Mothership Core (Chrono Boost)  
  28  2:53  Probe (Chrono Boost)  
  29  3:00  Oracle (Chrono Boost)  
  29  3:03  Probe  
  31  3:25  Nexus  
  31  3:29  Void Ray (Chrono Boost)  
  35  3:55  Pylon  
  35  4:05  Robotics Facility  
  35  4:08  Pylon  
  35  4:11  Probe  
  35  4:15  Protoss Air Weapons Level 1  
  36  4:35  Probe (Chrono Boost)  
  36  4:38  Assimilator  
  35  4:41  Assimilator  
  35  4:42  Fleet Beacon  
  35  4:43  Probe (Chrono Boost)  
  36  4:48  Probe (Chrono Boost)  
  36  4:51  Observer (Chrono Boost)  
  39  4:53  Probe (Chrono Boost)  
  39  4:54  Probe (Chrono Boost)  
  40  5:04  Probe (Chrono Boost)  
  40  5:05  Probe (Chrono Boost)  
  39  5:17  Probe (Chrono Boost)  
  41  5:21  Probe (Chrono Boost)  
  41  5:25  Probe (Chrono Boost)  
  41  5:28  Pylon  
  43  5:30  Probe (Chrono Boost)  
  43  5:34  Probe (Chrono Boost)  
  44  5:38  Gateway  
  44  5:41  Nexus  
  44  5:42  Probe (Chrono Boost)  
  46  5:45  Probe (Chrono Boost)  
  46  5:46  Pylon  
  46  5:51  Probe (Chrono Boost)  
  46  5:53  Probe (Chrono Boost)  
  46  5:55  Carrier (Chrono Boost)  
  48  6:03  Probe x2 (Chrono Boost)  
  49  6:10  Twilight Council  
  49  6:15  Protoss Air Weapons Level 2  
  55  6:20  Probe (Chrono Boost)  
  55  6:22  Probe (Chrono Boost)  
  57  6:31  Pylon  
  57  6:32  Probe (Chrono Boost)  
  59  6:35  Probe (Chrono Boost)  
  59  6:38  Probe (Chrono Boost)  
  60  6:43  Probe, Pylon  
  61  6:47  Assimilator  
  61  6:49  Probe  
  61  6:50  Graviton Catapult  
  62  6:55  Probe  
  62  6:56  Carrier (Chrono Boost)  
  62  6:58  Gateway  
  62  7:00  Probe  
  64  7:02  Dark Shrine  
  64  7:07  Probe  
  71  7:16  Observer  
  64  7:23  Adept x2  
  64  7:27  Probe  
  68  7:36  Shield Upgrade  
  68  7:42  Probe  
  68  7:44  Forge  
  69  7:50  Adept  
  69  7:51  Adept  
  71  7:57  Carrier (Chrono Boost)  
  68  7:59  Probe  
  69  8:06  Probe  
  70  8:14  Observer  
  70  8:16  Gateway  
  77  8:36  Probe, Nexus  
  77  8:39  Photon Cannon  
  77  8:40  Pylon  
  78  8:45  Dark Templar  
  78  8:46  Probe  
  81  8:51  Adept  
  81  8:52  Probe  
  81  8:54  Pylon x2  
  84  9:01  Adept  
  54  9:12  Adept  
  45  9:21  Adept  
  45  9:23  Probe (Chrono Boost)  
Show
View Real Time Build Order
Export as new Build Order

SaltDealer Terran - Winner!

Build Orders: Cyclone Opening, MMM Bio 

Get SALT Encoding   

  12  0:01  SCV  
  13  0:13  SCV  
  14  0:19  Supply Depot  
  14  0:25  SCV  
  15  0:30  Refinery  
  15  0:40  SCV  
  16  0:46  Barracks  
  16  0:52  SCV  
  17  1:04  SCV  
  18  1:16  SCV  
  19  1:29  SCV  
  20  1:32  Marine  
  20  1:35  Factory  
  21  1:41  Orbital Command  
  21  1:43  Supply Depot  
  21  1:51  Barracks Tech Lab  
  21  2:07  SCV  
  22  2:19  SCV  
  23  2:26  Command Center  
  23  2:29  Marine  
  24  2:35  Cyclone  
  24  2:36  SCV  
  28  2:44  Barracks  
  28  2:50  Barracks  
  27  3:01  SCV, Marine  
  29  3:08  Supply Depot  
  27  3:13  SCV  
  27  3:17  Widow Mine  
  30  3:22  Barracks Tech Lab  
  30  3:26  SCV  
  31  3:36  Marine  
  31  3:38  SCV  
  31  3:41  Marine  
  33  3:43  Marine  
  33  3:46  Widow Mine  
  37  3:57  Marine, Orbital Command  
  37  3:59  Marine  
  37  4:01  Marine  
  39  4:04  Engineering Bay  
  39  4:14  Widow Mine  
  39  4:15  Marine  
  39  4:17  Marine  
  42  4:22  SCV  
  42  4:23  SCV  
  41  4:36  Barracks Reactor, Barracks Tech Lab  
  41  4:38  Stimpack, Marine  
  41  4:39  Orbital Command  
  42  4:56  SCV, Marine  
  44  5:01  Terran Infantry Weapons Level 1, Supply Depot  
  44  5:05  SCV, Refinery  
  45  5:08  SCV  
  46  5:14  Marauder  
  46  5:17  SCV  
  46  5:19  Widow Mine  
  46  5:21  SCV  
  52  5:26  Supply Depot, Marine x2  
  55  5:29  SCV  
  55  5:30  Marauder  
  55  5:33  SCV  
  55  5:34  Refinery  
  58  5:42  SCV  
  59  5:44  Marine x2  
  59  5:48  Marauder  
  63  5:51  Supply Depot, Factory Reactor  
  63  5:55  SCV x2  
  65  6:03  Starport  
  65  6:07  SCV  
  65  6:08  Command Center  
  65  6:09  Barracks  
  65  6:11  Combat Shields  
  66  6:12  Barracks x2  
  66  6:13  Marauder, Barracks, Marine x2  
  66  6:18  Marauder  
  72  6:26  SCV x2  
  74  6:38  SCV x2, Marine x2  
  78  6:43  Factory Reactor  
  78  6:52  Refinery  
  78  6:55  Terran Infantry Armor Level 1  
  78  6:58  Supply Depot  
  78  6:59  Supply Depot  
  78  7:00  Supply Depot  
  78  7:01  Marine  
  78  7:02  SCV x2, Engineering Bay  
  78  7:03  Barracks Tech Lab  
  78  7:04  Barracks Reactor, Barracks Tech Lab  
  78  7:05  Barracks Tech Lab  
  81  7:14  SCV x2  
  83  7:25  Marauder x4, Marine x3  
  94  7:32  Armory  
  94  7:34  Medivac  
  96  7:37  Medivac  
  96  7:43  Marine x2  
  88  7:56  Orbital Command  
  88  7:57  Widow Mine x2  
  85  8:00  Marine  
  85  8:01  Marine x8  
  92  8:06  Supply Depot  
  92  8:18  Marine  
  92  8:19  Medivac, Marine x6  
  101  8:35  Supply Depot  
  101  8:43  Missile Turret  
  101  8:44  Missile Turret, Orbital Command  
  101  8:45  Medivac  
  103  8:48  Supply Depot  
  103  8:49  Medivac  
  103  8:50  Marine  
  98  9:29  Missile Turret  
Tags
 
Add a new tag
Caveats
  • Supply blocks, unpowered buildings, or Contaminate may cause inaccurate times.
  • Supply counts are checked every 10 seconds.